 Dungeon Crawl Stone Soup version 0.17-a0-1767-gccbed74 (webtiles) character file.

2237 cheven the Chopper (level 9, 0/68 HPs)
             Began as a Demonspawn Gladiator on Sept 6, 2015.
             Was a Priest of Okawaru.
             Succumbed to Psyche's poison
             ... on level 8 of the Dungeon.
             The game lasted 00:24:24 (5572 turns).

cheven the Chopper (Demonspawn Gladiator)           Turns: 5572, Time: 00:24:24

Health: 0/68       AC: 19    Str: 20    XL:     9   Next: 14%
Magic:  6/9        EV: 15    Int: 12    God:    Okawaru [***...]
Gold:   262        SH:  0    Dex: 11    Spells: 1 memorised, 2 levels left

rFire  . . .     SeeInvis .     a - +3 war axe
rCold  + . .     Clarity  .     z - +2 scale mail {MR+}
rNeg   + . .     SustAt   .     (no shield)
rPois  .         Gourm    .     c - +0 helmet
rElec  .         Spirit   .     (no cloak)
rCorr  .         Warding  .     (no gloves)
rMut   .         Stasis   .     (no boots)
MR     +....                    (no amulet)
Stlth  ++........               (no ring)
                                A - ring "Ozewnut" {rC+ rN+ Int+3}

@: lethally poisoned (0 -> -9), heroism, very slightly contaminated, invisible,
somewhat resistant to hostile enchantments, unstealthy
A: rough black scales 2, foul stench 1, powered by death 2, rot immunity
a: Heroism, Renounce Religion


You were on level 8 of the Dungeon.
You worshipped Okawaru.
Okawaru was most pleased with you.
You were not hungry.

You visited 1 branch of the dungeon, and saw 8 of its levels.

You collected 367 gold pieces.
You spent 105 gold pieces at shops.

Inventory:

Hand weapons
 a - a +3 war axe (weapon)
 m - a +0 whip of holy wrath
Missiles
 d - 6 throwing nets (quivered)
Armour
 b - a +0 leather armour
 c - a +0 helmet (worn)
 z - a +2 scale mail of magic resistance (worn)
Jewellery
 A - the ring "Ozewnut" (left hand) {rC+ rN+ Int+3}
   (You found it on level 5 of the Dungeon)

   [ring of intelligence]

   It affects your intelligence (+3).
   It protects you from cold.
   It protects you from negative energy.
 H - a +2 ring of strength
Magical devices
 y - a wand of confusion (16)
 D - a wand of slowing (33)
Scrolls
 f - 2 scrolls of identify
 h - a scroll of teleportation
 k - 4 scrolls of remove curse
 l - 2 scrolls of recharging
 u - a scroll of magic mapping {unknown}
 w - a scroll of amnesia {unknown}
 I - a scroll of summoning {unknown}
 K - a scroll of fog {unknown}
 L - a scroll of noise {unknown}
Potions
 g - 3 potions of lignification
 j - a potion of magic {unknown}
 p - a potion of cure mutation {unknown}
 q - a potion of mutation {unknown}
 r - a potion of beneficial mutation {unknown}
 s - 2 potions of curing
 t - a potion of flight {unknown}
 v - a potion of heal wounds {unknown}
 C - a potion of cancellation {unknown}
 E - a potion of ambrosia {unknown}
 F - a potion of resistance {unknown}
 G - 2 potions of degeneration
 J - a potion of invisibility {unknown}
Books
 e - a book of Transfigurations

   Spells                             Type                      Level
   a - Stoneskin                      Transmutation/Earth          2
   b - Irradiate                      Conjuration/Transmutation    5
   c - Statue Form                    Transmutation/Earth          6
   d - Hydra Form                     Transmutation                6
   e - Dragon Form                    Transmutation                7
Comestibles
 i - 6 meat rations
 n - 2 slices of pizza
 o - 5 beef jerkies
 x - 4 bread rations
 B - 3 fruits


   Skills:
 + Level 5.5(10.5) Fighting
 + Level 6.9(11.9) Axes
 + Level 1.9(6.9) Throwing
 + Level 4.5(9.5) Armour
 + Level 6.5(11.5) Dodging
 + Level 0.8(5.8) Stealth
 + Level 0.6 Invocations


You had 2 spell levels left.
You knew the following spells:

 Your Spells              Type           Power        Failure   Level  Hunger
a - Hydra Form            Trmt           #.........   100%        6    #######


Dungeon Overview and Level Annotations

Branches:
Dungeon (8/15)             Temple (0/1) D:6
   Lair: D:8-11

Altars:
Gozag
Okawaru
Sif Muna
Zin

Shops:
D:6 =

Portals:
Sewer: D:5

Annotations:
D:8 Psyche


Innate Abilities, Weirdness & Mutations

You are mostly covered in rough black scales (AC +7, Dex -2).
You may emit foul miasma when damaged in melee.
You regenerate health from kills.
You are immune to rotting.


Message History

You feel your power leaking away. Something hits you but does no damage.
You are electrocuted!
You miss something.
You feel sick. Something hits you but does no damage.
Something hits you but does no damage.
You are electrocuted!
* * * LOW HITPOINT WARNING * * *
Use which ability?
You gain the combat prowess of a mighty hero.
You feel slightly more hungry.
* * * LOW HITPOINT WARNING * * *
You feel sick. Something hits you but does no damage.
You fade into invisibility!
You are very lightly contaminated with residual magic.
Something hits you but does no damage.
You are more poisoned.
There is an open door here.
* * * LOW HITPOINT WARNING * * *
You feel sick.
A puff of flame appears from out of thin air!
The puff of flame misses you.
You die...

##+#. ## ##...##
...##.....##
##)#.##.#.......## ##
....##..........####...#.
.............@.'...!....
............[.####...#.
#.# #.......## ... ##.##
##.....## #
##...#####...##
#..<.......)##
##.†.†#####..# #..†††.#
#..# .....††P..##..#


There were no monsters in sight!

Vanquished Creatures
  A yak (D:8)
  Eustachio (D:6)
  A hippogriff (D:7)
  Menkaure (D:6)
  Edmund (D:5)
  2 ice beasts
  A phantom (D:7)
  An orc warrior (D:7)
  2 ogres
  A centaur (D:5)
  Blork the orc (D:6)
  A giant frog (D:6)
  A centaur zombie (D:5)
  A crimson imp (D:6)
  A centaur skeleton (D:6)
  2 giant frog skeletons
  3 orc priests
  3 hounds
  5 worker ants
  5 orc wizards
  Robin (D:4)
  6 adders
  5 gnolls
  2 shadow imps (D:5)
  An ooze (D:2)
  4 worms
  An adder skeleton (D:4)
  A giant gecko (D:1)
  18 orcs
  12 bats
  9 goblins
  11 hobgoblins
  13 jackals
  3 ball pythons
  6 giant cockroaches
  A giant gecko skeleton (D:5)
  9 giant newts
  13 kobolds
  12 rats
163 creatures vanquished.

Notes
Turn   | Place    | Note
--------------------------------------------------------------
     0 | D:1      | cheven the Demonspawn Gladiator began the quest for the Orb.
     0 | D:1      | Reached XP level 1. HP: 16/16 MP: 1/1
   151 | D:1      | Reached skill level 3 in Dodging
   228 | D:1      | Found an iron altar of Okawaru.
   342 | D:1      | Became a worshipper of Warmaster Okawaru
   402 | D:1      | Gained mutation: You are immune to rotting. [demonic ancestry]
   402 | D:1      | Reached XP level 2. HP: 22/22 MP: 2/2
   832 | D:1      | Gained mutation: You regenerate a little health from kills. [demonic ancestry]
   832 | D:1      | Reached XP level 3. HP: 27/27 MP: 3/3
  1379 | D:2      | Found a deep blue altar of Sif Muna.
  1822 | D:2      | You fall through a shaft!
  1938 | D:3      | Reached XP level 4. HP: 17/34 MP: 4/4
  1940 | D:3      | Reached skill level 1 in Armour
  2025 | D:3      | Acquired Okawaru's first power
  2025 | D:3      | Gained mutation: You may emit foul miasma when damaged in melee. [demonic ancestry]
  2025 | D:3      | Reached XP level 5. HP: 32/39 MP: 5/5
  2433 | D:3      | Found an opulent altar of Gozag.
  2433 | D:3      | Found a glowing silver altar of Zin.
  2614 | D:4      | Reached skill level 4 in Dodging
  2615 | D:4      | Noticed Robin
  2622 | D:4      | Killed Robin
  3203 | D:4      | Gained mutation: You are partially covered in rough black scales (AC +4, Dex -1). [demonic ancestry]
  3203 | D:4      | Reached XP level 6. HP: 39/46 MP: 6/6
  3333 | D:5      | Entered Level 5 of the Dungeon
  3390 | D:5      | Found a glowing drain.
  3469 | D:5      | Noticed Edmund
  3482 | D:5      | Killed Edmund
  3482 | D:5      | Reached skill level 5 in Dodging
  3482 | D:5      | Gained mutation: You regenerate health from kills. [demonic ancestry]
  3482 | D:5      | Reached XP level 7. HP: 39/52 MP: 7/7
  3509 | D:5      | Got a brightly glowing silver ring
  3511 | D:5      | Identified the ring "Ozewnut" {rC+ rN+ Int+3} (You found it on level 5 of the Dungeon)
  3519 | D:5      | Learned a level 6 spell: Hydra Form
  3930 | D:6      | Reached skill level 5 in Axes
  3992 | D:6      | Found a staircase to the Ecumenical Temple.
  4114 | D:6      | Reached XP level 8. HP: 56/60 MP: 8/8
  4176 | D:6      | Noticed Eustachio
  4204 | D:6      | Killed Eustachio
  4237 | D:6      | Noticed Blork the orc
  4251 | D:6      | Killed Blork the orc
  4251 | D:6      | Reached skill level 6 in Dodging
  4257 | D:6      | Noticed Menkaure
  4462 | D:6      | Killed Menkaure
  4570 | D:6      | Found Ollir's Jewellery Emporium.
  4602 | D:6      | Bought a +2 ring of strength for 105 gold pieces
  4835 | D:7      | Reached skill level 5 in Fighting
  5051 | D:7      | Gained mutation: You are mostly covered in rough black scales (AC +7, Dex -2). [demonic ancestry]
  5051 | D:7      | Reached XP level 9. HP: 43/68 MP: 9/9
  5553 | D:8      | Noticed Psyche
  5569 | D:8      | HP: 3/68 [poisoned by Psyche]
  5571 | D:8      | HP: 1/68 [poisoned by Psyche]
  5572 | D:8      | Succumbed to Psyche's poison

Vault maps used:
D:1:      evilmike_arrival_hilbert_curve, hangedman_abyss_or_decor_lesser_grid,
          okawaru_ov_weapons_minmay
D:2:      led_sif_pool, first_bread, due_unseen_surprise
D:3:      grunt_temple_overflow_gold_and_silver
D:4:      uniq_robin
D:5:      portal_sewer_entry_a, uniq_edmund
D:6:      minmay_temple_entry_statues_fountains, serial_shops,
          nicolae_shop_statue_plus, uniq_blork_the_orc, uniq_eustachio,
          uniq_menkaure
D:7:      kennysheep_generic_room_12
D:8:      grunt_lair_entry_elf_guard_hut, uniq_psyche, uniq_joseph

Action                   |  1- 3 |  4- 6 |  7- 9 || total
-------------------------+-------+-------+-------++-------
Melee: War axe           |   117 |   173 |   257 ||   547
Invok: Heroism           |       |     1 |     2 ||     3
  Use: Scroll            |     6 |     2 |     4 ||    12
 Stab: Distracted        |       |     1 |       ||     1
  Eat: Bread ration      |     1 |     1 |       ||     2
       Meat ration       |       |       |     2 ||     2
